 Dungeon Crawl Stone Soup version 0.26-a0-1184-g95e395e029 (webtiles) character file.

Game seed: 1283831773641052358

661997 dolemite99 the Slayer (level 27, -11/390 HPs)
             Began as a Minotaur Fighter on Dec 27, 2020.
             Was the Champion of Ashenzari.
             Mangled by a Killer Klown
             ... wielding a +11 club of freezing
              (13 damage)
             ... on level 5 of the Realm of Zot.
             The game lasted 03:05:29 (106696 turns).

dolemite99 the Slayer (Minotaur Fighter)          Turns: 106696, Time: 03:05:30

Health: -11/390    AC: 40    Str: 23 (26) XL:     27
Magic:  0/28       EV:  6    Int:  5 (7)  God:    Ashenzari [******]
Gold:   5069       SH: 25    Dex: 15 (17) Spells: 24/34 levels left

rFire    + + .     SeeInvis +   a - +8 broad axe (venom)
rCold    + . .     Faith    .   J - +1 tower shield {rN+} (curse)
rNeg     + . .     Spirit   +   o - +3 gold dragon scales
rPois    +         Reflect  .   z - +2 hat
rElec    .         Harm     .   h - scarf {+Inv}
rCorr    .         Rampage  .   c - +2 pair of gloves {Dex+3}
Will     ++...     Clarity  +   H - +2 pair of boots (curse)
Stlth    ..........             V - amulet of guardian spirit
HPRegen  0.75/turn              f - ring of protection from fire
MPRegen  0.21/turn              n - +4 ring of protection {=R}

@: berserking (expiring), vertigo, hasted, very quick
A: retaliatory headbutt, horns 2, berserk 1, blurry vision 2, deterioration 1,
dopey 1
}: 3/15 runes: serpentine, barnacled, silver
a: Renounce Religion, Evoke Invisibility, Curse Item, Scrying, Transfer
Knowledge


You were on level 5 of the Realm of Zot.
You worshipped Ashenzari.
Ashenzari was exalted by your worship.
You visited 11 branches of the dungeon, and saw 53 of its levels.
You visited the Abyss 3 times.
You also visited: Ice Cave and Wizlab.

You collected 9427 gold pieces.
You spent 4358 gold pieces at shops.

Inventory:

Hand Weapons
 a - a +8 broad axe of venom (weapon)
 b - the +5 fustibalus of Nyug {speed, rN++ Int-3 Dex-3 SInv}
   (You took it off an orc on level 10 of the Dungeon)

   Attacks with this weapon are significantly faster.
   It affects your intelligence (-3).
   It affects your dexterity (-3).
   It greatly protects you from negative energy.
   It lets you see invisible.
Missiles
 d - 46 javelins (quivered)
 j - 1596 stones
 v - 6 silver javelins
 X - 14 throwing nets
Armour
 c - a +2 pair of gloves of dexterity (worn)
 h - a scarf of invisibility (worn)
 o - +3 gold dragon scales (worn)
 p - a +1 pair of boots of running
 z - a +2 hat (worn)
 H - a cursed +2 pair of boots (worn)
 J - a cursed +1 tower shield of positive energy (worn)
Magical Staves
 k - an uncursed staff of air
 K - an uncursed staff of fire
Jewellery
 f - a ring of protection from fire (left hand)
 n - a +4 ring of protection (right hand) {=R}
 t - an uncursed ring of protection from cold
 y - an uncursed ring of poison resistance
 I - an uncursed ring of resist corrosion
 M - an uncursed ring of willpower
 N - a +6 ring of strength
 Q - the cursed necklace of Bloodlust {*Rage +Rage Will++ Int-3 Slay+6 *Curse}
   (You took it off a deep elf high priest on level 3 of the Elven Halls)

   [amulet of nothing]

   It affects your intelligence (-3).
   It affects your accuracy and damage with ranged weapons and melee attacks
   (+6).
   It affects your willpower, your defense against some magical effects.
   It lets you go berserk.
   It may make you go berserk in combat.
   It curses itself when equipped.
   It has a curse placed upon it.
 V - an amulet of guardian spirit (around neck)
Wands
 r - a wand of paralysis (7)
 A - a wand of polymorph (53)
 D - a wand of iceblast (19)
 T - a wand of enslavement (8)
 Y - a wand of digging (18)
Scrolls
 e - a scroll of noise
 l - 6 scrolls of fog
 u - 3 scrolls of blinking
 L - 4 scrolls of fear
 P - 15 scrolls of teleportation
 U - 2 scrolls of silence
 W - 21 scrolls of remove curse {@r2}
 Z - 49 scrolls of identify {@r1}
Potions
 g - 13 potions of attraction
 i - 11 potions of mutation
 q - 6 potions of curing
 s - 6 potions of haste
 x - 5 potions of flight
 B - 6 potions of cancellation
 C - 14 potions of brilliance
 F - 4 potions of magic
Miscellaneous
 m - a condenser vane
 E - a box of beasts
 G - a lightning rod (4/4)
 R - a tin of tremorstones (2/2)
 S - a phial of floods


   Skills:
 - Level 23.6 Fighting
 - Level 18.0 Axes
 - Level 8.4(13.7) Slings
 - Level 15.7(16.2) Throwing
 - Level 21.5 Armour
 - Level 11.7 Dodging
 - Level 20.7(22.9) Shields
 - Level 4.4 Spellcasting
 + Level 12.9 Translocations
 - Level 10.8 Transmutations
 - Level 10.0 Air Magic
 - Level 10.5 Earth Magic
 - Level 15.2 Evocations


You had 24 spell levels left.
You knew the following spells:

 Your Spells              Type           Power        Failure   Level
a - Animate Skeleton      Necr           2%           100%        1
b - Swiftness             Air            11%          30%         2
c - Apportation           Tloc           28%          9%          1
d - Wereblood             Tmut           11%          22%         2
e - Passwall              Tmut/Erth      9%           24%         2
f - Blink                 Tloc           N/A          12%         2

Your spell library contained the following spells:

 Spells                   Type           Power        Failure   Level
 Beastly Appendage        Tmut           22%          17%         1
 Sandblast                Erth           22%          19%         1
 Gell's Gravitas          Tloc           7%           21%         3
 Shock                    Conj/Air       24%          78%         1
 Petrify                  Tmut/Erth      11%          78%         4
 Airstrike                Air            5%           86%         4
 Corpse Rot               Necr/Air       N/A          89%         2
 Poisonous Vapours        Pois/Air       12%          89%         2
 Spider Form              Tmut/Pois      3%           97%         3
 Blade Hands              Tmut           5%           97%         5
 Static Discharge         Conj/Air       6%           98%         3
 Stone Arrow              Conj/Erth      12%          98%         3
 Lee's Rapid Deconstruct  Erth           5%           98%         5
 Ignite Poison            Fire/Tmut/Pois 4%           99%         3
 Corona                   Hex            1%           100%        1
 Foxfire                  Conj/Fire      4%           100%        1
 Freeze                   Ice            4%           100%        1
 Magic Dart               Conj           4%           100%        1
 Pain                     Necr           4%           100%        1
 Summon Small Mammal      Summ           4%           100%        1
 Call Imp                 Summ           1%           100%        2
 Searing Ray              Conj           2%           100%        2
 Slow                     Hex            1%           100%        2
 Sublimation of Blood     Necr           0%           100%        2
 Call Canine Familiar     Summ           1%           100%        3
 Confusing Touch          Hex            1%           100%        3
 Conjure Flame            Conj/Fire      1%           100%        3
 Dazzling Flash           Conj/Hex       2%           100%        3
 Frozen Ramparts          Ice            2%           100%        3
 Inner Flame              Hex/Fire       1%           100%        3
 Mephitic Cloud           Conj/Pois/Air  4%           100%        3
 Ozocubu's Armour         Ice            1%           100%        3
 Summon Guardian Golem    Hex/Summ       1%           100%        3
 Vampiric Draining        Necr           0%           100%        3
 Animate Dead             Necr           0%           100%        4
 Cause Fear               Hex            0%           100%        4
 Dispel Undead            Necr           1%           100%        4
 Fulminant Prism          Conj/Hex       0%           100%        4
 Hailstorm                Conj/Ice       1%           100%        4
 Ice Form                 Ice/Tmut       6%           100%        4
 Iskenderun's Mystic Bla  Conj/Tloc      7%           100%        4
 Leda's Liquefaction      Hex/Erth       3%           100%        4
 Sticky Flame             Conj/Fire      1%           100%        4
 Summon Ice Beast         Ice/Summ       1%           100%        4
 Summon Lightning Spire   Summ/Air       6%           100%        4
 Agony                    Necr           1%           100%        5
 Alistair's Intoxication  Tmut/Pois      4%           100%        5
 Bolt of Magma            Conj/Fire/Erth 2%           100%        5
 Borgnjor's Vile Clutch   Necr/Erth      3%           100%        5
 Fireball                 Conj/Fire      0%           100%        5
 Irradiate                Conj/Tmut      3%           100%        5
 Lightning Bolt           Conj/Air       3%           100%        5
 Metabolic Englaciation   Hex/Ice        0%           100%        5
 Silence                  Hex/Air        3%           100%        5
 Summon Forest            Summ/Tloc      3%           100%        5
 Yara's Violent Unravell  Hex/Tmut       3%           100%        5
 Conjure Ball Lightning   Conj/Air       3%           100%        6
 Death Channel            Necr           0%           100%        6
 Dispersal                Tloc           7%           100%        6
 Eringya's Noxious Bog    Tmut/Pois      3%           100%        6
 Freezing Cloud           Conj/Ice/Air   2%           100%        6
 Hydra Form               Tmut           5%           100%        6
 Iron Shot                Conj/Erth      3%           100%        6
 Ozocubu's Refrigeration  Ice            0%           100%        6
 Simulacrum               Ice/Necr       0%           100%        6
 Starburst                Conj/Fire      0%           100%        6
 Statue Form              Tmut/Erth      7%           100%        6
 Dragon Form              Tmut           5%           100%        7
 Summon Hydra             Summ           0%           100%        7
 Discord                  Hex            0%           100%        8
 Ignition                 Fire           0%           100%        8
 Dragon's Call            Summ           0%           100%        9
 Shatter                  Erth           5%           100%        9
 Tornado                  Air            5%           100%        9


Dungeon Overview and Level Annotations

Branches:
Dungeon (15/15)            Temple (1/1) D:5            Lair (6/6) D:10
 Shoals (4/4) Lair:4        Snake (4/4) Lair:4        Slime (0/5) Lair:5
    Orc (2/2) D:12            Elf (3/3) Orc:2        Vaults (5/5) D:13
  Crypt (3/3) Vaults:2       Tomb (0/3) Crypt:3      Depths (5/5) D:15
    Zot (5/5) Depths:5      IceCv (visited)          WizLab (visited)

Altars:
Ashenzari
Cheibriados
Dithmenos
Elyvilon
Fedhas
Gozag
Hepliaklqana
Kikubaaqudgha
Makhleb
Nemelex Xobeh
Okawaru
Qazlal
Ru
Sif Muna
Trog
Uskayaw
Vehumet
Wu Jian
Xom
Yredelemnul
Zin
The Shining One
Beogh
Jiyva
Lugonu

Shops:
D:13 :([   D:15 [   Orc:2 (([[   Shoals:4 !   Snake:3 =   Depths:1 }=}

Portals:
Hell: Depths:1 Depths:2 Depths:3 Depths:4
Abyss: Depths:4
Pandemonium: Depths:2 Depths:3
Ziggurat: Depths:1
Trove: D:10 (give +2 gold dragon scales)

Annotations:
Lair:3 1 runed translucent door, Shayle's ghost, journeyman PaNe
Lair:5 1 runed translucent door
Snake:3 3 runed translucent doors, ardl's ghost, adept OgVM
Vaults:1 1 runed translucent door, Lianjan's ghost, adept GnWr
Crypt:3 exclusion: 3 doors
Depths:3 2 transporters, exclusion: obsidian statue, Ninuetur's ghost, adept HuFi; Suceck's ghost, adept DsAK
Zot:2 1 transporter
Zot:5 1 runed translucent door, exclusion: obsidian statue, mjfarrell99's ghost, legendary MiFi


Innate Abilities, Weirdness & Mutations

You reflexively headbutt those who attack you in melee.
You have a pair of horns on your head.
You tend to lose your temper in combat.
Scrolls take you longer to read.
Your body sometimes deteriorates upon taking damage.
You are dopey. (Int -2)


Message History

The yellow draconian knight casts a spell.
The yellow draconian knight seems to speed up.
Lightning arcs down from a storm cloud!
You barely miss the Killer Klown.
The Killer Klown is severely wounded.
You slash the Orb Guardian!
The Orb Guardian looks as sick as possible!
You block the Orb Guardian's attack.
Lightning arcs down from a storm cloud!
You slice the Killer Klown like a ripe choko!!!
The Killer Klown looks as sick as possible!
The Killer Klown is almost dead.
You barely miss the Orb Guardian.
You hear a roar!
You block the Killer Klown's attack.
You closely miss the Killer Klown.
You headbutt the Killer Klown, but do no damage.
The Killer Klown is almost dead.
You closely miss the Orb Guardian. You block the Orb Guardian's attack.
The Killer Klown pinches you with a +11 club of freezing!
You die...

#.......############ #.###....#
###.######## ################
...........# ##..§§§...§§dD§§##
..........## ##§..§§§...§§8*p§.#
..........# ##.§§§§§§...§§.§X§..
.........## #(.§.§§§§..(....^...
^.....[.≈# #...§§§§§.......^...
......≈§§## #.p@§§§q............
.....≈§§§§# #..X(..............^
..^..§*8H§## #........(..........
.....≈§≈§*§###...^.(d............
#########§§.###.....^........^...
##§§..##..........^,
###X.§............ , , *
#▓▓▓▓▓▓▓▓▓▓▓##8. , * * , ,, , .,
**


You could see a Killer Klown (extremely poisoned), a yellow draconian knight
(fast, icy armour), a green draconian and an Orb Guardian (extremely poisoned).

Vanquished Creatures
  2 orbs of fire (Zot:5)
  2 juggernauts
  2 ancient liches
  3 Killer Klowns (Zot:1)
  A caustic shrike (Depths:3)
  2 curse toes (Zot:4)
  Saint Roka (Orc:2)
  9 golden dragons
  the Enchantress (Depths:2)
  A bone dragon (Zot:1)
  An electric golem (Zot:5)
  21 tentacled monstrosities
  Jorgrun (D:14)
  6 liches
  3 hellephants (Zot:1)
  8 Orb Guardians (Zot:5)
  Asterion (Depths:1)
  3 deep elf blademasters
  2 deep elf master archers (Elf:3)
  9 quicksilver dragons
  Frances (Elf:1)
  6 titans
  2 tentacled starspawn (Abyss:2)
  9 death cobs
  6 sphinxes
  Kirke (Snake:4)
  3 ancient champions
  Donald (Shoals:2)
  Agnes (D:14)
  12 shadow dragons
  14 storm dragons
  6 nagarajas
  5 draconian monks
  3 tengu reavers
  4 revenants
  A fenstrider witch (shapeshifter) (Zot:1)
  11 fire giants
  4 draconian scorchers
  7 vault wardens
  2 iron dragons (Vaults:5)
  7 draconian knights
  7 deep elf elementalists
  11 frost giants
  A ghoul (Vaults:2)
  2 angels
  3 draconian shifters
  A caustic shrike zombie (Depths:4)
  10 deep elf sorcerers
  3 curse skulls
  2 draconian annihilators
  13 ironheart preservers
  A ghost moth (Zot:3)
  6 reapers
  4 spriggan defenders
  2 caustic shrike skeletons (Depths:4)
  3 war gargoyles
  34 very ugly things
  21 stone giants
  4 juggernaut skeletons (Depths:4)
  6 vampire knights
  11 black draconians
  Azrael (D:14)
  12 green draconians
  8 deep elf demonologists
  4 yellow draconians
  13 red draconians
  3 entropy weavers
  4 purple draconians
  4 dire elephants (Lair:6)
  A spark wasp (shapeshifter) (Zot:1)
  7 deep elf annihilators (Elf:3)
  Snorg (D:12)
  A mummy priest (Crypt:3)
  2 spark wasps (Depths:4)
  6 white draconians
  The ghost of Kaofid the Geomancer, a journeyman GrEE of Vehumet (Lair:5)
  10 eidola
  5 merfolk javelineers
  13 deep elf death magi
  7 jiangshi
  2 blizzard demons (Crypt:1)
  13 fire dragons
  8 merfolk impalers
  8 great orbs of eyes
  10 ettins
  4 deep elf high priests
  24 yaktaur captains
  A quicksilver dragon zombie (Crypt:2)
  2 rakshasas
  A monstrous demonspawn (Depths:2)
  17 naga warriors
  3 spriggan air magi
  30 vault guards
  5 hydras
  An ice dragon (shapeshifter) (Depths:1)
  Harold (D:7)
  12 ice dragons
  A quicksilver dragon skeleton (Depths:4)
  3 merfolk avatars
  A catoblepas (D:15)
  12 boulder beetles
  11 anacondas
  An alligator snapping turtle (Shoals:4)
  6 merfolk aquamancers (Shoals:4)
  12 centaur warriors
  5 death knights
  An anaconda (shapeshifter) (Vaults:5)
  25 dancing weapons
  18 ogre magi
  A satyr (shapeshifter) (Depths:2)
  4 satyrs
  64 two-headed ogres
  A queen ant (Lair:6)
  11 deep troll earth magi
  5 vampire magi
  5 tengu warriors
  5 death yaks
  8 deep troll shamans
  3 spriggan berserkers
  A storm dragon zombie (Crypt:3)
  3 thrashing horrors (Abyss:3)
  A titan zombie (Vaults:3)
  3 shock serpents
  16 deep elf knights
  An orc high priest (Orc:1)
  Nergalle (D:11)
  20 naga sharpshooters
  7 soul eaters
  2 hell knights (Depths:3)
  2 titan skeletons
  Sonja (D:10)
  A shock serpent (shapeshifter) (D:14)
  5 salamander mystics
  A sixfirhy (Depths:2)
  2 shadow wraiths
  2 wretched stars (Abyss:3)
  29 deep trolls
  A ghost moth zombie (Crypt:3)
  2 iron trolls (Depths:4)
  9 unseen horrors
  7 flayed ghosts
  A storm dragon skeleton (Crypt:3)
  A goliath frog (shapeshifter) (Zot:1)
  2 glowing orange brains
  7 naga ritualists
  10 phantasmal warriors
  23 skeletal warriors
  2 golden dragon zombies
  17 sea snakes
  2 wizards (Elf:1)
  A tengu zombie (Vaults:4)
  A bunyip skeleton (Crypt:1)
  8 ironbrand convokers
  A death drake (WizLab)
  An anaconda skeleton (Crypt:2)
  A shadow demon (Depths:2)
  2 shadow dragon zombies
  16 necromancers
  9 orc knights
  Pikel (D:8)
  2 fire giant zombies
  A wolf spider (shapeshifter) (Vaults:5)
  20 deep elf archers
  6 wolf spiders
  2 frost giant zombies
  14 manticores
  24 fauns
  31 harpies
  17 cyclopes
  19 salamanders
  2 worldbinders (Abyss:2)
  60 deep elf magi
  10 mana vipers
  A moth of wrath (shapeshifter) (Vaults:5)
  2 sphinx skeletons (Depths:4)
  A salamander (shapeshifter) (Depths:1)
  20 ugly things
  A fire giant skeleton (Crypt:1)
  7 orc sorcerers
  A tengu skeleton (Depths:4)
  2 stone giant skeletons (Crypt:3)
  A black mamba (shapeshifter) (Vaults:1)
  6 guardian serpents
  A guardian serpent (shapeshifter) (D:15)
  10 moths of wrath
  29 black mambas
  A meliai (D:14)
  An apocalypse crab (WizLab)
  10 elephants
  7 water nymphs
  18 vault sentinels
  A dire elephant zombie (Crypt:3)
  11 merfolk sirens
  A cane toad (shapeshifter) (Vaults:5)
  3 frost giant skeletons
  Psyche (D:11)
  2 gargoyles (D:10)
  An ice statue (IceCv)
  3 rust devils
  15 cane toads
  4 smoke demons
  28 naga magi
  3 rime drakes (shapeshifter)
  5 rime drakes
  Maggie (D:8)
  2 guardian mummies
  3 kobold demonologists
  11 freezing wraiths
  A tormentor (Abyss:3)
  An efreet (D:14)
  3 tengu conjurers
  40 yaktaurs
  6 komodo dragons
  A grey draconian skeleton (Crypt:2)
  2 elf skeletons (Depths:4)
  17 hellwings
  4 red devils (Depths:4)
  A demonic crawler (Abyss:3)
  A troll (shapeshifter) (Vaults:1)
  2 yaktaur skeletons (Vaults:3)
  6 hornets
  A catoblepas skeleton (Crypt:1)
  17 polar bears
  7 trolls
  A harpy zombie (Crypt:3)
  28 merfolk
  A wolf spider simulacrum (D:15)
  A jumping spider (shapeshifter) (Vaults:5)
  8 wind drakes
  2 hydra skeletons
  11 blink frogs
  A shadow dragon simulacrum (Vaults:3)
  3 dream sheep (shapeshifter)
  3 ettin zombies
  A tengu simulacrum (Vaults:5)
  Grinder (D:3)
  10 snapping turtles
  A hornet (shapeshifter) (Elf:3)
  6 dream sheep
  36 slime creatures
  A raiju (Abyss:3)
  A black mamba zombie (Crypt:3)
  An ice dragon zombie (Crypt:3)
  3 flying skulls (Depths:4)
  A spriggan (shapeshifter) (Vaults:3)
  3 air elementals
  2 redbacks (Crypt:3)
  Sigmund (D:6)
  2 shadows (D:14)
  A yak (shapeshifter) (Vaults:1)
  2 ettin skeletons
  An ushabti (Crypt:3)
  9 wraiths
  A fire dragon skeleton (Crypt:1)
  11 water elementals
  54 yaks
  A centaur simulacrum (D:15)
  A shock serpent simulacrum (Crypt:2)
  A ynoxinul (Abyss:3)
  5 starcursed masses (Abyss:3)
  A fire bat (shapeshifter) (Zot:1)
  9 spriggans
  4 wyverns
  A black mamba skeleton (Crypt:3)
  2 basilisks
  6 fire elementals
  A minotaur simulacrum (Crypt:1)
  4 hogs (Snake:4)
  4 golden eyes (Abyss:3)
  A hog (shapeshifter) (Vaults:3)
  A neqoxec (Depths:3)
  2 large abominations (Abyss:2)
  6 vampire mosquitoes
  2 chaos spawn
  3 insubstantial wisps (Abyss:2)
  A naga (shapeshifter) (Elf:2)
  4 small abominations
  4 wargs
  4 acid dragons
  53 nagas
  17 soldier ants
  12 water moccasins
  5 hell hounds
  3 floating eyes
  4 human zombies
  4 ice beasts
  52 orc warriors
  5 sky beasts
  An ice beast (shapeshifter) (Vaults:4)
  5 black bears
  A necrophage (D:8)
  2 phantoms
  2 eyes of draining
  34 wolves
  A boggart (shapeshifter) (D:14)
  51 ogres
  8 boggarts
  A manticore skeleton (Crypt:3)
  A snapping turtle zombie (Crypt:3)
  29 centaurs
  A dream sheep skeleton (Crypt:1)
  3 lemures (D:8)
  A rime drake zombie (Crypt:2)
  A snapping turtle skeleton (Crypt:3)
  8 big kobolds
  A big kobold (shapeshifter) (Vaults:3)
  3 earth elementals
  A gnoll sergeant (D:10)
  16 bullfrogs
  A wyvern zombie (D:14)
  4 wyvern skeletons
  A water moccasin skeleton (D:9)
  A polar bear zombie (Crypt:2)
  A cyclops skeleton (Crypt:1)
  4 scorpions
  An elf simulacrum (Vaults:3)
  12 killer bees
  20 wights
  3 electric eels (Elf:3)
  2 howler monkeys
  8 crimson imps
  7 centaur zombies
  2 bullfrog zombies
  4 quasits
  10 hounds
  3 jellies
  28 orc priests
  Crazy Yiuf (D:6)
  2 iron imps (Depths:3)
  29 orc wizards
  3 bullfrog skeletons
  7 centaur skeletons
  A human skeleton (Crypt:3)
  Jessica (D:9)
  Terence (D:3)
  3 iguanas
  7 hell rats (Lair:4)
  27 worker ants
  2 killer bee zombies
  A felid zombie (Crypt:2)
  A dwarf skeleton (Crypt:2)
  A hound zombie (D:6)
  A hound skeleton (D:7)
  A mummy (Crypt:3)
  2 howler monkey zombies
  A worker ant zombie (D:7)
  19 adders
  5 gnolls
  A gnoll (shapeshifter) (Vaults:1)
  2 shadow imps (Depths:3)
  7 white imps
  7 ufetubi
  An ooze (D:6)
  2 adder skeletons
  2 iguana skeletons
  7 worms
  4 dart slugs
  10 leopard geckos
  107 orcs
  2 ball pythons (D:1)
  5 giant cockroaches
  8 hobgoblins
  8 jackals
  19 kobolds
  5 quokkas
  5 bats
  5 frilled lizards
  A frilled lizard zombie (Crypt:1)
  A giant cockroach zombie (D:5)
  17 goblins
  A jackal skeleton (Crypt:2)
  A kobold skeleton (Crypt:2)
  A leopard gecko skeleton (D:5)
  2 leopard gecko zombies
  A quokka skeleton (D:5)
  4 rats
  5 crawling corpses (Elf:3)
  A starspawn tentacle (Abyss:2)
2605 creatures vanquished.

Vanquished Creatures (collateral kills)
  A golden dragon (Zot:4)
  A quicksilver dragon (Zot:5)
  A shadow dragon (Zot:3)
  3 storm dragons
  A draconian scorcher (Zot:4)
  A draconian shifter (Zot:4)
  An ironheart preserver (Vaults:2)
  A black draconian (Zot:4)
  A fire dragon (Depths:3)
  A vault guard (Vaults:5)
  A naga warrior (Snake:4)
  A naga sharpshooter (Snake:4)
  A deep elf mage (Vaults:2)
  A salamander (Snake:2)
  A guardian serpent (Snake:2)
  A naga mage (Snake:2)
  A meliai (D:14)
  A queen bee (D:14)
  2 nagas
  6 killer bees (D:14)
28 creatures vanquished.

Vanquished Creatures (others)
  2 death cobs
  A white draconian (Zot:2)
  A yellow draconian (Zot:3)
  A green death (Depths:3)
  A merfolk aquamancer (Shoals:3)
  A tengu warrior (Depths:1)
  A fire crab (shapeshifter) (Zot:1)
  3 naga ritualists (Snake:4)
  A meliai (D:14)
  A cyclops (shapeshifter) (Vaults:2)
  A tengu conjurer (Depths:1)
  A flying skull (Depths:4)
  An air elemental (WizLab)
  A small abomination (Abyss:3)
  3 water elementals
  2 nagas
  A boggart (Vaults:1)
  A crawling corpse (Elf:3)
  29 fungi
  213 plants
  3 starspawn tentacles (Abyss:2)
  34 withered plants (Crypt:3)
303 creatures vanquished.

Grand Total: 2936 creatures vanquished

Notes
Turn   | Place    | Note
-------+----------+-------------------------------------------
     0 | D:1      | dolemite99 the Minotaur Fighter began the quest for the
                  | Orb.
     0 | D:1      | Reached XP level 1. HP: 19/19 MP: 0/0
   171 | D:1      | Reached XP level 2. HP: 27/27 MP: 1/1
   423 | D:1      | Reached XP level 3. HP: 32/33 MP: 2/2
   438 | D:1      | Reached skill level 4 in Fighting
   753 | D:2      | Found a broken altar of Ashenzari.
   762 | D:2      | Became a worshipper of Ashenzari the Shackled
   770 | D:2      | Reached XP level 4. HP: 36/40 MP: 3/3
   987 | D:2      | Found a shimmering altar of Xom.
   988 | D:2      | Found a hazy altar of Hepliaklqana.
   989 | D:2      | Noticed a spectral ugly thing
  1088 | D:2      | Found a glowing golden altar of the Shining One.
  1154 | D:2      | Found a burning altar of Makhleb.
  1271 | D:2      | Found a sparkling altar of Nemelex Xobeh.
  1391 | D:3      | Reached XP level 5. HP: 44/47 MP: 4/4
  1551 | D:3      | Found a hide-covered altar of Uskayaw.
  1621 | D:3      | Noticed Grinder
  1621 | D:3      | Paralysed by Grinder for 5 turns
  1649 | D:3      | Paralysed by Grinder for 3 turns
  1672 | D:3      | Killed Grinder
  1673 | D:3      | Reached skill level 5 in Axes
  1673 | D:3      | Reached skill level 5 in Armour
  1673 | D:3      | Reached skill level 5 in Shields
  1673 | D:3      | Reached XP level 6. HP: 53/55 MP: 5/5
  1992 | D:3      | Noticed Terence
  2005 | D:3      | Killed Terence
  2006 | D:3      | Reached skill level 5 in Fighting
  2137 | D:4      | Reached * piety under Ashenzari
  2217 | D:4      | Found a glowing silver altar of Zin.
  2747 | D:4      | Reached XP level 7. HP: 56/61 MP: 6/6
  2863 | D:5      | Entered Level 5 of the Dungeon
  3491 | D:5      | Reached skill level 6 in Fighting
  3770 | D:5      | Reached XP level 8. HP: 57/70 MP: 7/7
  4410 | D:5      | Found an opulent altar of Gozag.
  4615 | D:5      | Found a staircase to the Ecumenical Temple.
  4627 | Temple   | Entered the Ecumenical Temple
  4742 | D:6      | Reached ** piety under Ashenzari
  5133 | D:6      | Reached skill level 7 in Fighting
  5224 | D:6      | Found an iron altar of Okawaru.
  5307 | D:6      | Noticed Sigmund
  5317 | D:6      | Killed Sigmund
  5318 | D:6      | Reached XP level 9. HP: 70/79 MP: 8/8
  5454 | D:6      | Found a shadowy altar of Dithmenos.
  5522 | D:6      | Found a runed translucent door.
  5523 | D:6      | Noticed Crazy Yiuf
  5529 | D:6      | Killed Crazy Yiuf
  5887 | D:7      | Reached skill level 10 in Axes
  6040 | D:7      | Noticed Harold
  6061 | D:7      | Killed Harold
  6062 | D:7      | Reached skill level 8 in Fighting
  6295 | D:7      | Reached XP level 10. HP: 90/90 MP: 9/9
  6465 | D:7      | Found a burning altar of Makhleb.
  6465 | D:7      | Found a bloodstained altar of Trog.
  6742 | D:7      | Found a snail-covered altar of Cheibriados.
  6932 | D:8      | Found a bloodstained altar of Trog.
  7014 | D:8      | Noticed Pikel
  7023 | D:8      | Killed Pikel
  7154 | D:8      | Identified a scroll of acquirement
  7154 | D:8      | Acquired the cursed +3 chain mail of the Serpent {Will+}
  7234 | D:8      | Found a blossoming altar of Fedhas.
  7283 | D:8      | Reached *** piety under Ashenzari
  7290 | D:8      | Reached skill level 9 in Fighting
  7636 | D:8      | Noticed Maggie
  7652 | D:8      | Killed Maggie
  7872 | D:8      | Found a sacrificial altar of Ru.
  8085 | D:10     | Entered Level 10 of the Dungeon
  8085 | D:10     | Noticed an unseen horror
  8094 | D:10     | Killed an unseen horror
  8487 | D:10     | Identified the +6 hand axe of Miwexiy {flame, rElec rPois
                  | Will++ Int-4}
  8793 | D:10     | Reached XP level 11. HP: 99/99 MP: 10/10
  8848 | D:11     | Noticed a white ugly thing
  8957 | D:10     | Reached skill level 10 in Armour
  9031 | D:10     | Noticed a deep elf knight
  9113 | D:10     | Killed a deep elf knight
  9114 | D:10     | Reached skill level 10 in Fighting
  9114 | D:10     | Reached skill level 10 in Shields
  9186 | D:10     | Noticed a death yak
  9186 | D:10     | Noticed an unseen horror
  9186 | D:10     | Noticed a death yak
  9205 | D:10     | Killed a death yak
  9206 | D:10     | Noticed a death yak
  9222 | D:10     | Killed a death yak
  9247 | D:10     | Killed a death yak
  9432 | D:10     | Found a staircase to the Lair.
  9441 | D:10     | Killed an unseen horror
  9498 | D:10     | Noticed a fire dragon
  9513 | D:10     | Killed a fire dragon
  9661 | D:10     | Noticed Sonja
  9672 | D:10     | Killed Sonja
  9696 | D:10     | Noticed a storm dragon
 10052 | D:10     | Noticed a centaur warrior
 10061 | D:10     | Killed a centaur warrior
 10062 | D:10     | Reached skill level 11 in Fighting
 10113 | D:10     | Reached XP level 12. HP: 90/110 MP: 11/11
 10213 | D:10     | Identified the +5 fustibalus of Nyug {speed, rN++ Int-3
                  | Dex-3 SInv}
 10604 | D:10     | Reached skill level 1 in Slings
 10799 | D:10     | Found a portal to a secret trove of treasure.
 11339 | D:9      | Reached **** piety under Ashenzari
 11505 | D:9      | Noticed Jessica
 11506 | D:9      | Killed Jessica
 11514 | D:9      | Found a shimmering blue altar of Sif Muna.
 11759 | D:11     | Reached skill level 5 in Slings
 12436 | D:11     | Noticed Psyche
 12440 | D:11     | Killed Psyche
 12528 | D:11     | Reached skill level 15 in Axes
 12833 | D:11     | Noticed Nergalle
 12848 | D:11     | Killed Nergalle
 13118 | Lair:1   | Entered Level 1 of the Lair of Beasts
 13405 | Lair:1   | Noticed a six-headed hydra
 13417 | Lair:1   | Killed a six-headed hydra
 13893 | Lair:2   | Identified the +1 kite shield "Sootye" {Dex+5}
 13930 | Lair:2   | Reached XP level 13. HP: 114/116 MP: 12/12
 14675 | Lair:3   | Reached skill level 1 in Evocations
 15508 | Lair:3   | Found a runed translucent door.
 15511 | Lair:3   | Noticed Shayle's ghost (journeyman PaNe)
 15512 | Lair:3   | Identified the cursed +1 trident of Tartarus {freeze, rPois
                  | rN+++ Int-5 Dex+4}
 15921 | Lair:4   | Reached skill level 12 in Fighting
 15988 | Lair:4   | Found a staircase to the Shoals.
 16056 | Lair:4   | Found a staircase to the Snake Pit.
 16465 | Lair:4   | Found the +2 robe of Vines {NoPotionHeal Regen+7}
 16525 | Lair:4   | Reached ***** piety under Ashenzari
 16985 | Lair:5   | Noticed Kaofid's ghost (journeyman GrEE)
 16988 | Lair:5   | Found a runed translucent door.
 17009 | Lair:5   | Reached skill level 5 in Evocations
 17958 | Lair:5   | Found a runed translucent door.
 17962 | Lair:5   | Found a viscous altar of Jiyva.
 17963 | Lair:5   | Found a staircase to the Slime Pits.
 17988 | Lair:6   | Entered Level 6 of the Lair of Beasts
 18671 | Lair:6   | Reached XP level 14. HP: 127/127 MP: 13/13
 18974 | Lair:6   | Reached skill level 13 in Fighting
 22099 | D:10     | Identified Utunun's Incunabulum of Sinister Transmutation
 22339 | D:10     | Killed a storm dragon
 22952 | D:12     | Reached skill level 1 in Dodging
 22955 | D:12     | Found a roughly hewn altar of Beogh.
 22955 | D:12     | Found a staircase to the Orcish Mines.
 23754 | D:12     | Noticed Snorg
 23762 | D:12     | Killed Snorg
 24041 | Orc:1    | Entered Level 1 of the Orcish Mines
 24440 | Orc:1    | Reached skill level 14 in Fighting
 24667 | Orc:2    | Entered Level 2 of the Orcish Mines
 24695 | Orc:2    | Reached skill level 5 in Dodging
 24844 | Orc:2    | Found a staircase to the Elven Halls.
 25198 | Orc:2    | Found a roughly hewn altar of Beogh.
 25318 | Orc:2    | Paralysed by an orc sorcerer for 7 turns
 26146 | Orc:2    | Found a roughly hewn altar of Beogh.
 26192 | Orc:2    | Noticed Saint Roka
 26228 | Orc:2    | Killed Saint Roka
 26229 | Orc:2    | Reached XP level 15. HP: 46/139 MP: 14/14
 26546 | Orc:2    | Found Bywiuwo's Antique Weapon Shop.
 26555 | Orc:2    | Found Rigedool's Antique Armour Boutique.
 26557 | Orc:2    | Found a roughly hewn altar of Beogh.
 26587 | Orc:2    | Bought a warped plate armour for 896 gold pieces
 26587 | Orc:2    | Identified the +1 plate armour of the Lion {Harm rPois rF+
                  | Int-2} (You bought it in a shop on level 2 of the Orcish
                  | Mines)
 26587 | Orc:2    | Bought a pair of embroidered gloves for 240 gold pieces
 26724 | Orc:2    | Found a roughly hewn altar of Beogh.
 26814 | Orc:2    | Found Ulotummalu's Weapon Emporium.
 27034 | Orc:2    | Found a roughly hewn altar of Beogh.
 27053 | Orc:2    | Found Duicymp's Antique Armour Shop.
 27068 | Orc:2    | Bought a pitted chain mail for 332 gold pieces
 27068 | Orc:2    | Identified the +1 chain mail "Gappin" {-Tele Harm rPois
                  | Dex+5} (You bought it in a shop on level 2 of the Orcish
                  | Mines)
 27068 | Orc:2    | Bought a runed plate armour for 910 gold pieces
 27124 | Orc:2    | Found a roughly hewn altar of Beogh.
 27250 | D:13     | Found Eniphu Yniu's Antique Armour Shop.
 27277 | D:13     | Found Adypsis's Antique Weapon Shop.
 27408 | D:13     | Found Diuran's Book Shoppe.
 27524 | D:13     | Found a gate to the Vaults.
 27719 | D:13     | Found a frozen archway.
 27724 | IceCv    | Entered an ice cave
 28506 | IceCv    | Noticed a frost giant
 28519 | IceCv    | Killed a frost giant
 28884 | D:13     | Reached skill level 15 in Fighting
 29312 | D:14     | Noticed Azrael
 29326 | D:14     | Killed Azrael
 30614 | D:14     | Noticed Jorgrun
 30640 | D:14     | Killed Jorgrun
 31102 | D:14     | Noticed Agnes
 31113 | D:14     | Killed Agnes
 31772 | D:15     | Entered Level 15 of the Dungeon
 31930 | D:15     | Found a staircase to the Depths.
 31930 | D:15     | Noticed a fire giant
 31945 | D:15     | Killed a fire giant
 31946 | D:15     | Reached XP level 16. HP: 149/149 MP: 15/15
 32625 | D:15     | Reached skill level 10 in Evocations
 32964 | D:15     | Reached ****** piety under Ashenzari
 33168 | D:15     | Found Axkeiv's Antique Armour Emporium.
 33220 | D:15     | Bought a glowing cloak for 180 gold pieces
 33600 | Snake:1  | Entered Level 1 of the Snake Pit
 33871 | Snake:1  | Reached skill level 10 in Dodging
 34332 | Snake:1  | Reached skill level 16 in Fighting
 36786 | Snake:2  | Reached XP level 17. HP: 155/160 MP: 16/16
 37328 | Snake:3  | Reached skill level 1 in Spellcasting
 37524 | Snake:3  | Found a runed translucent gate.
 37524 | Snake:3  | Found a runed translucent gate.
 37524 | Snake:3  | Noticed ardl's ghost (adept OgVM)
 37525 | Snake:3  | Found a runed translucent gate.
 38223 | Snake:3  | Identified Awkuc's Incunabulum of Dark Ignition
 38863 | Snake:3  | Found Cousiept's Jewellery Boutique.
 38982 | Snake:4  | Entered Level 4 of the Snake Pit
 39936 | Snake:4  | Noticed Kirke
 39946 | Snake:4  | Killed Kirke
 40146 | Snake:4  | Reached skill level 15 in Shields
 40184 | Snake:4  | Got a serpentine rune of Zot
 41277 | Snake:4  | Reached XP level 18. HP: 85/168 MP: 23/23
 42070 | Snake:4  | Identified the +3 arbalest "Jialipt" {vorpal, +Fly Int+2
                  | Dex-2}
 42233 | Snake:3  | Reached skill level 15 in Armour
 42551 | Shoals:1 | Entered Level 1 of the Shoals
 42605 | Shoals:1 | Learned a level 1 spell: Animate Skeleton
 43187 | Shoals:1 | Reached skill level 17 in Fighting
 43764 | Shoals:1 | Reached skill level 10 in Slings
 44632 | Shoals:2 | Noticed Donald
 44639 | Shoals:2 | Killed Donald
 45778 | Vaults:1 | Entered Level 1 of the Vaults
 46267 | Vaults:1 | Found a runed translucent door.
 46271 | Vaults:1 | Noticed Lianjan's ghost (adept GnWr)
 47022 | Vaults:1 | Identified the +2 great sword "Seitayps" {vorpal, rN++
                  | Will+++ Int-4}
 47922 | Vaults:1 | Reached XP level 19. HP: 167/179 MP: 24/24
 48291 | Vaults:1 | Reached skill level 18 in Fighting
 48752 | Vaults:2 | Learned a level 2 spell: Swiftness
 49718 | Vaults:2 | Found a staircase to the Crypt.
 50003 | Vaults:2 | Found a huge runed gate.
 50003 | Vaults:2 | Found a huge runed gate.
 50003 | Vaults:2 | Found a huge runed gate.
 50003 | Vaults:2 | Found a huge runed gate.
 50003 | Vaults:2 | Found a huge runed gate.
 50003 | Vaults:2 | Found a huge runed gate.
 50005 | Vaults:2 | Found a huge runed gate.
 50005 | Vaults:2 | Found a huge runed gate.
 50005 | Vaults:2 | Found a huge runed gate.
 50005 | Vaults:2 | Found a huge runed gate.
 50005 | Vaults:2 | Found a huge runed gate.
 50014 | Vaults:2 | Found a huge runed gate.
 50016 | Vaults:2 | Found a huge runed gate.
 50017 | Vaults:2 | Found a huge runed gate.
 50018 | Vaults:2 | Found a huge runed gate.
 50019 | Vaults:2 | Found a huge runed gate.
 50027 | Vaults:2 | Found a huge runed gate.
 50027 | Vaults:2 | Found a huge runed gate.
 50027 | Vaults:2 | Found a huge runed gate.
 50027 | Vaults:2 | Found a huge runed gate.
 50027 | Vaults:2 | Found a huge runed gate.
 50027 | Vaults:2 | Found a huge runed gate.
 50027 | Vaults:2 | Found a huge runed gate.
 50028 | Vaults:2 | Found a huge runed gate.
 50029 | Vaults:2 | Found a huge runed gate.
 50218 | Vaults:2 | Found a huge runed gate.
 50218 | Vaults:2 | Found a huge runed gate.
 50218 | Vaults:2 | Found a huge runed gate.
 50219 | Vaults:2 | Found a huge runed gate.
 50220 | Vaults:2 | Found a huge runed gate.
 50221 | Vaults:2 | Found a huge runed gate.
 50222 | Vaults:2 | Found a huge runed gate.
 50223 | Vaults:2 | Found a huge runed gate.
 50224 | Vaults:2 | Found a huge runed gate.
 50232 | Vaults:2 | Found a huge runed gate.
 50232 | Vaults:2 | Found a huge runed gate.
 51372 | Vaults:3 | Noticed a lich
 51385 | Vaults:3 | Killed a lich
 52167 | Vaults:3 | Reached skill level 15 in Slings
 52558 | Vaults:3 | Reached XP level 20. HP: 189/189 MP: 25/25
 52563 | Vaults:3 | Reached skill level 19 in Fighting
 54734 | Vaults:4 | Found a broken altar of Ashenzari.
 56594 | Shoals:3 | Reached skill level 20 in Fighting
 57973 | Shoals:4 | Entered Level 4 of the Shoals
 58058 | Shoals:4 | Reached XP level 21. HP: 201/201 MP: 26/26
 58786 | Shoals:4 | Found Waiffan Kado's Distillery.
 59510 | Shoals:4 | Got a barnacled rune of Zot
 60018 | Shoals:4 | Bought 2 potions of heal wounds for 160 gold pieces
 60018 | Shoals:4 | Bought a potion of haste for 160 gold pieces
 60261 | Depths:1 | Entered Level 1 of the Depths
 60289 | Depths:1 | Noticed Asterion
 60307 | Depths:1 | Killed Asterion
 60707 | Depths:1 | Found a gateway to Hell.
 61144 | Depths:1 | Found Rifan's Jewellery Shop.
 61145 | Depths:1 | Found Zoul's Gadget Emporium.
 61145 | Depths:1 | Found Balisih's Gadget Emporium.
 61154 | Depths:1 | Bought a condenser vane for 920 gold pieces
 61245 | Depths:1 | Found a gateway to a ziggurat.
 61562 | Depths:1 | Reached skill level 21 in Fighting
 61887 | Depths:1 | Found the +10 Black Knight's barding {ponderous, rPois rN+}
 62843 | Depths:2 | Noticed the Enchantress
 62853 | Depths:2 | Killed the Enchantress
 63079 | Depths:2 | Reached XP level 22. HP: 213/213 MP: 27/27
 63129 | Depths:2 | Reached skill level 1 in Air Magic
 63226 | Depths:2 | Noticed a juggernaut
 63257 | Depths:2 | Killed a juggernaut
 64117 | Depths:2 | Reached skill level 5 in Air Magic
 64679 | Depths:2 | Found a one-way gate leading to the halls of Pandemonium.
 64981 | Depths:3 | Noticed a caustic shrike
 64981 | Depths:3 | Noticed a caustic shrike
 64982 | Depths:3 | Noticed Suceck's ghost (adept DsAK)
 65432 | Depths:3 | Identified the cursed +1 plate armour "Otastris" {rElec
                  | Regen+ rCorr Int-2} (You found it on level 3 of the Depths)
 65461 | Depths:3 | Identified the Grimoire of Entrancing Flames
 65468 | Depths:3 | Noticed a caustic shrike
 65495 | Depths:3 | Killed a caustic shrike
 65505 | Depths:3 | Learned a level 1 spell: Apportation
 65508 | Depths:3 | Learned a level 2 spell: Wereblood
 65839 | Depths:3 | Identified a +1 pair of boots of running
 65931 | Depths:3 | Found a transporter.
 66013 | Depths:3 | Noticed a juggernaut
 66040 | Depths:3 | Killed a juggernaut
 66292 | Depths:3 | Noticed Ninuetur's ghost (adept HuFi)
 66496 | Depths:3 | Found a transporter.
 66978 | Depths:4 | Noticed a golden dragon
 67900 | Depths:4 | Killed a golden dragon
 68234 | Depths:4 | Reached skill level 10 in Air Magic
 68497 | Depths:4 | Reached XP level 23. HP: 221/221 MP: 28/28
 70188 | Depths:4 | Found a one-way gate to the infinite horrors of the Abyss.
 70798 | Depths:5 | Entered Level 5 of the Depths
 73167 | Depths:5 | Found a gate to the Realm of Zot.
 73608 | Vaults:5 | Entered Level 5 of the Vaults
 73778 | Vaults:5 | Reached XP level 24. HP: 137/231 MP: 28/28
 74091 | Vaults:5 | Got a silver rune of Zot
 74095 | Vaults:5 | Identified the Catalogue of the Freezing Rocks
 74619 | Vaults:5 | Cast into level 2 of the Abyss (a deep elf sorcerer)
 74626 | Abyss:2  | Reached skill level 22 in Fighting
 74928 | Vaults:5 | Escaped the Abyss
 76290 | Vaults:5 | Identified the +0 scale mail of Xumocibi {rF+ rCorr Dex+5}
 76305 | Vaults:5 | Reached skill level 15 in Evocations
 76852 | Vaults:5 | Noticed an ancient lich
 76867 | Vaults:5 | Cast into level 5 of the Abyss (an ancient lich)
 76867 | Abyss:5  | Entered Level 5 of the Abyss
 76894 | Vaults:5 | Escaped the Abyss
 76910 | Vaults:5 | Killed an ancient lich
 76928 | Vaults:5 | Identified the +8 trident of Gravity {drain, Stlth+}
 76959 | Vaults:5 | Found the +0 staff of Battle
 77749 | D:13     | Bought a book of Geomancy for 560 gold pieces
 77753 | D:13     | Learned a level 2 spell: Passwall
 77836 | Elf:1    | Entered Level 1 of the Elven Halls
 77836 | Elf:1    | Noticed Frances
 77854 | Elf:1    | Reached skill level 1 in Earth Magic
 78301 | Elf:1    | Killed Frances
 79327 | Elf:2    | Learned a level 2 spell: Blink
 79445 | Elf:3    | Entered Level 3 of the Elven Halls
 80426 | Elf:3    | Reached skill level 5 in Earth Magic
 80982 | Elf:2    | Reached XP level 25. HP: 233/240 MP: 27/28
 81554 | Elf:2    | Found a runed translucent gate.
 81554 | Elf:2    | Found a runed translucent gate.
 81554 | Elf:2    | Found a runed translucent gate.
 82519 | Elf:2    | Reached skill level 1 in Transmutations
 83636 | Elf:3    | Identified the +7 chain mail "Moenenev" {MP+9 Str+2 Int+2}
 83924 | Elf:3    | Reached skill level 23 in Fighting
 84138 | Elf:3    | Reached skill level 5 in Transmutations
 84444 | Elf:3    | Cast into level 2 of the Abyss (a deep elf demonologist)
 84521 | Abyss:2  | Found a corrupted altar of Lugonu.
 84678 | Elf:3    | Escaped the Abyss
 84865 | Elf:3    | Identified the Volume of the Moth
 84906 | Elf:3    | Identified the Incunabulum of the Unholy Voyage
 84914 | Elf:3    | Identified the Volume of Supportive Unholy Magic
 85155 | Crypt:1  | Entered Level 1 of the Crypt
 85230 | Crypt:1  | Found a magical portal.
 85235 | WizLab   | Entered The Chambers of the Cloud Mage
 86280 | Crypt:1  | Paralysed by a vampire knight for 2 turns
 88006 | Crypt:3  | Entered Level 3 of the Crypt
 88801 | Crypt:3  | Reached XP level 26. HP: 253/253 MP: 28/28
 88847 | Crypt:3  | Found a staircase to the Tomb.
 89966 | Crypt:3  | Noticed an ancient lich
 89982 | Crypt:3  | Killed an ancient lich
 90266 | Crypt:3  | Found an ancient bone altar of Kikubaaqudgha.
 90782 | Crypt:3  | Reached skill level 10 in Transmutations
 91068 | Crypt:3  | Found the cursed +13 scythe of Curses {drain, *Curse}
 91939 | Zot:1    | Entered Level 1 of the Realm of Zot
 92085 | Zot:1    | Reached skill level 10 in Earth Magic
 93432 | Vaults:2 | Reached skill level 1 in Throwing
 93676 | Vaults:2 | Reached skill level 5 in Throwing
 95400 | Zot:1    | Found a huge runed gate.
 95400 | Zot:1    | Found a huge runed gate.
 95401 | Zot:1    | Found a huge runed gate.
 95405 | Zot:1    | Found a huge runed gate.
 95405 | Zot:1    | Found a huge runed gate.
 95405 | Zot:1    | Found a huge runed gate.
 95414 | Zot:1    | Found a huge runed gate.
 95414 | Zot:1    | Found a huge runed gate.
 95417 | Zot:1    | Found a huge runed gate.
 95420 | Zot:1    | Found a huge runed gate.
 95420 | Zot:1    | Found a huge runed gate.
 95420 | Zot:1    | Found a huge runed gate.
 95420 | Zot:1    | Found a huge runed gate.
 95420 | Zot:1    | Found a huge runed gate.
 95420 | Zot:1    | Found a huge runed gate.
 95420 | Zot:1    | Found a huge runed gate.
 96068 | Zot:1    | Reached skill level 10 in Throwing
 96568 | Zot:1    | Found a huge runed gate.
 96569 | Zot:1    | Found a huge runed gate.
 97916 | Lair:5   | Killed Kaofid's ghost
 98751 | Zot:2    | Found a radiant altar of Vehumet.
 98756 | Zot:2    | Found a transporter.
 98882 | Zot:2    | Noticed an ancient lich
 99362 | Zot:2    | Identified the ring of Maxegeg {Fire Dex+3}
100530 | Zot:3    | Reached XP level 27. HP: 215/249 MP: 25/28
100560 | Zot:3    | Reached skill level 15 in Throwing
101845 | Zot:4    | Reached skill level 1 in Translocations
102464 | Zot:4    | Reached skill level 5 in Translocations
103929 | Zot:4    | Reduced skill Slings to level 10
103995 | Zot:5    | Entered Level 5 of the Realm of Zot
104132 | Zot:1    | Found a huge runed gate.
104132 | Zot:1    | Found a huge runed gate.
104132 | Zot:1    | Found a huge runed gate.
104133 | Zot:1    | Found a huge runed gate.
104159 | Zot:1    | Reached skill level 10 in Translocations
106107 | Zot:5    | Found a runed translucent door.
106108 | Zot:5    | Noticed mjfarrell99's ghost (legendary MiFi)
106599 | Zot:5    | Noticed an orb of fire
106627 | Zot:5    | Gained mutation: Scrolls take you a little longer to read.
                  | [an orb of fire]
106644 | Zot:5    | Gained mutation: Your body sometimes deteriorates upon
                  | taking damage. [an orb of fire]
106649 | Zot:5    | Gained mutation: You are dopey. (Int -2) [an orb of fire]
106651 | Zot:5    | Noticed an orb of fire
106651 | Zot:5    | HP: 12/260 [??? (2)]
106652 | Zot:5    | Gained mutation: You tend to lose your temper in combat.
                  | [an orb of fire]
106658 | Zot:5    | Noticed an orb of fire
106672 | Zot:5    | Gained mutation: Scrolls take you longer to read. [an orb
                  | of fire]
106681 | Zot:5    | Killed an orb of fire
106690 | Zot:5    | HP: 15/390 [tentacled monstrosity (8)]
106691 | Zot:5    | Killed an orb of fire
106693 | Zot:5    | HP: 1/390 [Killer Klown/klown pie (10)]
106696 | Zot:5    | Mangled by a Killer Klown

Illustrated notes

Levels and vault maps discovered:
D:1:      dpeg_arrival_brainrot, layout_rooms, minmay_crystal_room,
          minmay_tiny_reverse_x
D:2:      layout_rooms, regret_index_temple_of_mockery,
          nemelex_xobeh_ov_fountains_minmay, evilmike_ruin_ashenzari,
          marbit_many_paths, makhleb_blood_cavern_becter
D:3:      layout_rooms, nicolae_overflow_crystal_walls, minmay_puff,
          uniq_terence, uniq_grinder
D:4:      layout_loops_cross, overflow_temple_1_default, hangedman_glass_teeth
D:5:      cheibrodos_fzero, layout_loops_corners, temple_hall,
          minmay_ruined_shrine
D:6:      layout_rooms, kennysheep_okawaru_gauntlet,
          grunt_dithmenos_smoke_and_mirrors, uniq_sigmund,
          uniq_crazy_yiuf_cottage
D:7:      layout_cave_pods, gammafunk_temple_overflow_statue,
          cheibrodos_worm_habitat, uniq_harold
D:8:      layout_basic, nicolae_overflow_hidden_temple, general_overflow_altar,
          trog_hazing_becter, uniq_maggie, uniq_pikel
D:9:      layout_rooms, tgw_sif
D:10:     nzn_winding_woodlands_large [nzn_winding_woodlands_5x5_open_star,
          nzn_winding_woodlands_5x15_split_checker,
          nzn_winding_woodlands_5x5_closed_star,
          nzn_winding_woodlands_center_lodge,
          nzn_winding_woodlands_15x15_five_gardens,
          nzn_winding_woodlands_center_pierced_h,
          nzn_winding_woodlands_5x5_checkerboard,
          nzn_winding_woodlands_5x15_crooked,
          nzn_winding_woodlands_5x5_perimeter], layout_loops_ring,
          dpeg_lair_monsters, nicolae_trove_entry_path_of_doom,
          serial_bayou_pond_b, uniq_sonja
D:11:     layout_loops_ring, minmay_misc_feat_tiny, uniq_psyche, uniq_nergalle
D:12:     layout_loops_ring, david_orc_5, minivault_1, uniq_snorg
D:13:     layout_stronghold, lightli_vaults_fourway_checkpoint, serial_shops,
          nicolae_shop_temple_entry_statues_fountains, shop_statue,
          kennysheep_mini, portal_ice_cave_entry_pillars_1
D:14:     layout_loops_ring, minmay_misc_feat_nine_boxes, special_room
          [special_room_bee], uniq_jorgrun, uniq_agnes, uniq_azrael
D:15:     grunt_enter_depths_giant_problem, layout_stronghold,
          serial_bayou_shore_b, serial_shops, shop_statue
Temple:   corrupted_temple
Lair:1:   layout_cave_shapes
Lair:2:   layout_cave_shapes
Lair:3:   layout_cave_pods, ebering_ghost_funeral_grove, serial_bayou_shore_a,
          grunt_megastairs_3
Lair:4:   layout_misc_corridors, shoals_dummy_entry, dummy_snake_entry,
          chequers_serial_rivers_micro_d, st_stairs_5,
          grunt_forest_stairs_clearing
Lair:5:   layout_loops_ring, slime_altar_2, hellmonk_ghost_happy_afterlife,
          serial_bayou_shore_b, lemuel_fruit_fields, grunt_megastairs_2
Lair:6:   due_jungle_book, layout_loops_ring, small_statue_intersection,
          zaba_antful_of_joy
Shoals:1: layout_shoals, st_cyclops
Shoals:2: layout_shoals, uniq_donald
Shoals:3: layout_shoals, st_sunken_temple
Shoals:4: shoals_end_simple, layout_shoals, serial_shops, shop
Snake:1:  layout_chambers
Snake:2:  layout_cave_pods, grunt_ministairs_2, evilmike_ambush
          [evilmike_ambush_outer_corners, evilmike_ambush_inner_basic]
Snake:3:  layout_gridlike, serial_shops, nicolae_shop_behind_doors,
          gammafunk_ghost_split, hangedman_corner_corridor
Snake:4:  snake_pit, layout_rooms, uniq_kirke
Orc:1:    layout_caves
Orc:2:    grunt_orc_community_town_hall, layout_caves,
          grunt_orc_community_big_house_2, grunt_orc_community_big_house_1,
          grunt_orc_community_house_2, grunt_orc_community_house_3,
          grunt_orc_community_house_2, grunt_orc_community_house_3,
          grunt_orc_community_house_1
Elf:1:    minmay_elf_arrival_circle, layout_loops_corners,
          hangedman_elf_disciples, dk_noncrumbling_2, lemuel_flamethrower_2,
          uniq_frances
Elf:2:    layout_loops_cross, billiards_dpeg
Elf:3:    elf_hall, layout_geoelf_castle, feat_on_display
Vaults:1: ebering_vaults_ghost_reflecting_pool, grunt_vaults_twisty,
          nicolae_vaults_shelves_hall, nicolae_vaults_asterisk, v_rooms_4,
          dpeg_vaults_monster_box, v_misc_3, nicolae_vaults_shelves_hall,
          vaults_room_grunt_arrival_ludios, vaults_mumra_minichess_inversion,
          ontoclasm_vaults_decontamination, st_cells, vaults_room_semicircle,
          layout_vaults_omnibox
Vaults:2: minmay_crypt_entry_simple_box, v_misc_14, vaults_door_vault,
          vaults_dpeg_doors, nicolae_vaults_yaktaur_gun_rack,
          ontoclasm_vaults_shuriken, ontoclasm_vaults_ring_small,
          hangedman_vaults_nodes, vaults_dpeg_cross, grunt_vaults_bifocal,
          v_alt_pattern_3, v_misc_22, vaults_dpeg_hooks, v_misc_5,
          nicolae_vaults_rhombus_5, layout_vaults_big_cross
Vaults:3: hangedman_vaults_nails, vaults_room_hallway, nicolae_vaults_murderbox,
          nicolae_vaults_rhombus_7, hangedman_vaults_cutoff, v_misc_33,
          hangedman_vaults_trim, nicolae_vaults_circle_grid_b,
          nicolae_vaults_alarming, vaults_room_stairs_pillars,
          nicolae_vaults_diagonal_hallway_9, ontoclasm_vaults_misaligned,
          v_pattern_3, layout_vaults_ring
Vaults:4: kb_rosetta, ontoclasm_vaults_fault, nicolae_vaults_little_squares_4,
          nicolae_vaults_little_squares_1, v_misc_25,
          nicolae_vaults_network_barrier, v_misc_27, layout_vaults_quadrants,
          basic_altar
Vaults:5
Crypt:1:  layout_rooms, mu_enter_wizlab_1, nicolae_crypt_small_crypt,
          uniq_saint_roka, uniq_margery
Crypt:2:  layout_gridlike
Crypt:3:  evilmike_haunted_forest
Depths:1: layout_gridlike, enter_ziggurat_f, serial_bayou_shore_b,
          pf_dread_powers_of_hell, lemuel_freeze_loot_1, minmay_shop_grove,
          serial_bayou_shore_b, uniq_asterion
Depths:2: hangedman_arch_fort, layout_gridlike, rand_demon_pan_entry_3,
          hell_entry, hangedman_abyss_or_decor_slice, kennysheep_crisscross,
          uniq_enchantress
Depths:3: minmay_fractal_lines_corner, layout_honeycomb,
          chequers_serial_rivers_micro_b, grunt_pan_entry_spiral, hell_entry,
          nzn_ghost_randoct, drop_trap, st_stairs_13,
          infiniplex_staircase_zigzag_5
Depths:4: hangedman_screamer, layout_basic, abyss_entry_glasseish, hellmouth_2,
          kennysheep_another_room
Depths:5: grunt_twist_and_shout, layout_cave_pools, pf_coc_iceberg,
          moated_statue
Zot:1:    layout_gridlike, st_small_dragon_hoard_5, not_door_vault_due,
          grunt_megastairs_1
Zot:2:    gammafunk_sealed_library, layout_gridlike, skrybe_zot_glass_1
Zot:3:    layout_gridlike
Zot:4:    kennysheep_spiral_hall, layout_cathedral_of_symmetry
Zot:5:    layout_misc_corridors, ebering_ghost_inner_flame

Skill      XL: |  1  2  3  4  5  6  7  8  9 10 11 12 13 14 15 16 17 18 19 20 21 22 23 24 25 26 27 |
---------------+----------------------------------------------------------------------------------+-----
Axes           | 3 4 5 6 7 9 11 12 14 15 16 18 | 18.0
Armour         | 4 5 6 7 8 9 11 12 13 14 16 17 18 20 21 | 21.5
Shields        | 4 5 6 7 8 9 11 12 15 19 20 | 20.7
Fighting       | 4 5 6 7 8 9 11 12 14 15 16 17 18 20 21 22 23 | 23.6
Slings         | 8 9 12 15 11 8 |  8.4
Evocations     | 6 8 9 11 12 14 15 | 15.2
Dodging        | 7 9 11 | 11.7
Spellcasting   | 4 |  4.4
Air Magic      | 10 | 10.0
Earth Magic    | 5 8 10 | 10.5
Transmutations | 9 10 | 10.8
Throwing       | 14 15 | 15.7
Translocations | 12 | 12.9

Action                   |  1- 3 |  4- 6 |  7- 9 | 10-12 | 13-15 | 16-18 | 19-21 | 22-24 | 25-27 || total
-------------------------+-------+-------+-------+-------+-------+-------+-------+-------+-------++-------
Melee: War axe           |    71 |   101 |   259 |   547 |       |       |       |       |       ||   978
       Headbutt          |     7 |    15 |    59 |   112 |   335 |   175 |   207 |   218 |   332 ||  1460
       Broad axe         |       |       |       |       |  1131 |   514 |   635 |   643 |   933 ||  3856
 Fire: Fustibalus        |       |       |       |   319 |   659 |  1898 |  1699 |  1875 |  1251 ||  7701
Throw: Stone             |     7 |    10 |    20 |    29 |       |       |       |       |       ||    66
       Dart              |       |       |    18 |       |       |       |       |       |       ||    18
       Boomerang         |       |       |    17 |       |       |       |       |       |       ||    17
       Javelin           |       |       |       |       |       |       |       |       |   285 ||   285
 Cast: Blink             |       |       |       |       |       |       |       |       |     8 ||     8
       Passwall          |       |       |       |       |       |       |       |       |     1 ||     1
Invok: Curse Item        |       |     1 |     1 |       |     3 |       |       |     2 |       ||     7
       Scrying           |       |       |       |       |       |     3 |       |     1 |       ||     4
       Transfer Knowledg |       |       |       |       |       |       |       |       |     2 ||     2
 Abil: Evoke Invisibilit |       |       |       |       |       |       |       |     1 |       ||     1
Evoke: Wand              |       |       |     1 |     4 |    28 |   109 |    37 |    32 |    45 ||   256
       Tin of tremorston |       |       |       |       |     6 |    12 |     8 |    16 |    10 ||    52
       Box of beasts     |       |       |       |       |       |     1 |     2 |     3 |     6 ||    12
       Lightning rod     |       |       |       |       |       |       |    13 |    30 |    13 ||    56
       Condenser vane    |       |       |       |       |       |       |     2 |    14 |    15 ||    31
       Phial of floods   |       |       |       |       |       |       |       |     7 |     7 ||    14
  Use: Scroll            |       |     5 |    15 |     9 |     8 |    17 |     4 |    13 |    21 ||    92
       Potion            |       |     2 |     1 |     3 |     9 |     7 |     7 |    19 |    26 ||    74
 Stab: Paralysed         |       |       |       |     1 |     5 |    13 |       |       |    23 ||    42
       Invisible         |       |       |       |       |     9 |       |     3 |     2 |       ||    14
       Distracted        |       |       |       |       |       |     1 |     1 |     1 |     2 ||     5
       Sleeping          |       |       |       |       |       |       |       |     1 |       ||     1
Armor: Scale mail        |    49 |    35 |       |       |       |       |       |       |       ||    84
       Chain mail        |       |     3 |    97 |   226 |   342 |       |       |       |       ||   668
       Storm dragon scal |       |       |       |       |    64 |       |       |       |       ||    64
       Plate armour      |       |       |       |       |   155 |   423 |   370 |   174 |       ||  1122
       Gold dragon scale |       |       |       |       |       |       |       |   263 |   581 ||   844
Dodge: Dodged            |    33 |    32 |    80 |   160 |   417 |   417 |   322 |   283 |   373 ||  2117
Block: Kite shield       |    57 |    46 |   142 |   343 |   883 |   910 |  1018 |   272 |       ||  3671
       Reflection        |       |       |       |       |       |    21 |   143 |    29 |       ||   193
       Tower shield      |       |       |       |       |       |       |       |   982 |  1464 ||  2446

Table legend: (Time is in decaauts)
 A = Elapsed time spent in this place.
 B = Non-inter-level travel time spent in this place.
 C = Inter-level travel time spent in this place.
 D = Time resting spent in this place.
 E = Time spent auto-exploring this place.
 F = Levels seen in this place.
 G = Mean time per level.
                   A        B        C        D        E       F      G
               +--------+--------+--------+--------+--------+-----+--------+
         Total | 102842 |  91764 |  11078 |  26688 |  44464 |  60 | 1714.0 |
       Dungeon |  23247 |  19334 |   3913 |   4111 |  10552 |  15 | 1549.8 |
        Temple |     52 |     39 |     13 |      0 |     37 |   1 |   52.0 |
          Lair |   9242 |   8235 |   1007 |   2878 |   3661 |   6 | 1540.3 |
        Shoals |   6795 |   6294 |    501 |   1509 |   3242 |   4 | 1698.8 |
     Snake Pit |   8608 |   8244 |    364 |   2128 |   4122 |   4 | 2152.0 |
  Orcish Mines |   3325 |   3040 |    285 |   1335 |   1087 |   2 | 1662.5 |
   Elven Halls |   5649 |   5046 |    603 |   1189 |   2825 |   3 | 1883.0 |
        Vaults |  15295 |  13560 |   1735 |   3411 |   7119 |   5 | 3059.0 |
         Crypt |   6333 |   5927 |    406 |   1619 |   2988 |   3 | 2111.0 |
        Depths |  13535 |  12010 |   1525 |   4555 |   5199 |   5 | 2707.0 |
           Zot |   9223 |   8502 |    721 |   3755 |   3146 |   5 | 1844.6 |
         Abyss |    546 |    546 |      0 |     66 |      0 |   5 |  109.2 |
      Ice Cave |    959 |    959 |      0 |    127 |    482 |   1 |  959.0 |
        Wizlab |     27 |     27 |      0 |      0 |      0 |   1 |   27.0 |
               +--------+--------+--------+--------+--------+-----+--------+

Top non-repeatable levels by time:
    D:10: 4583 daAuts
Depths:4: 4527 daAuts
Vaults:2: 3902 daAuts
  Lair:6: 3617 daAuts
Vaults:5: 3614 daAuts
 Crypt:3: 3454 daAuts
Depths:3: 2894 daAuts
   Orc:2: 2677 daAuts
Depths:2: 2654 daAuts
 Snake:4: 2643 daAuts
Vaults:1: 2641 daAuts
Vaults:3: 2601 daAuts
Vaults:4: 2536 daAuts
   Elf:3: 2386 daAuts
   Zot:1: 2369 daAuts
